 Dungeon Crawl Stone Soup version 0.24-a0-809-g71cb82dfb8 (webtiles) character file.

Game seed: 2036573850581677889, levelgen mode: classic

417073 Chiseanne the Devastator (level 22, 0/129 HPs)
             Began as a Demonspawn Wizard on Aug 17, 2019.
             Was the Champion of Vehumet.
             Slain by an ettin
             ... wielding a +1 dire flail of holy wrath
              (31 damage)
             ... on level 5 of the Vaults on Oct 11, 2019.
             The game lasted 07:30:24 (85470 turns).

Chiseanne the Devastator (Demonspawn Wizard)       Turns: 85470, Time: 07:30:25

Health: 0/129      AC: 15    Str: 10    XL:     22   Next: 58%
Magic:  43/43      EV: 16    Int: 42    God:    Vehumet [******]
Gold:   3068       SH:  8    Dex: 13    Spells: 8/56 levels left

rFire    + . .     SeeInvis .   a - staff of wizardry
rCold    + . .     Gourm    .   c - +0 buckler "Gyvoxonk" {Int+4}
rNeg     + . .     Faith    .   n - +0 ring mail of Bitterness {rPois rN+ Str+2 Int+4}
rPois    +         Spirit   .   (helmet restricted)
rElec    +         Reflect  .   F - scarf {repulsion}
rCorr    +         Harm     .   b - +2 pair of gloves
MR       +....                  (boots unavailable)
Stlth    +.........             k - amulet of the Air {Inacc +Fly rElec EV+5 RMsl}
HPRegen  0.31/turn              z - ring of protection from fire
MPRegen  0.28/turn              i - +4 ring of intelligence

@: hasted, repel missiles, very quick
A: antennae 2, talons 3, yellow scales 3, clever 1, cold resistance 1, powered
by death 3, spiny 3, freezing cloud immunity
}: 2/15 runes: serpentine, barnacled
a: Renounce Religion, Evoke Flight


You were on level 5 of the Vaults.
You worshipped Vehumet.
Vehumet was exalted by your worship.
You were not hungry.

You visited 10 branches of the dungeon, and saw 48 of its levels.
You also visited: Sewer and Wizlab.

You collected 4062 gold pieces.
You spent 994 gold pieces at shops.

Inventory:

Hand Weapons
 d - the +7 spear "Killer Klown's Death" {flame, rF+ Int+3 Dex+3}
   (You found it on level 3 of the Shoals)

   It has been specially enchanted to burn those struck by it, causing extra
   injury to most foes and up to half again as much damage against particularly
   susceptible opponents.
   It affects your intelligence (+3).
   It affects your dexterity (+3).
   It protects you from fire.
 j - the +4 dagger "Xuin Ziesk" {pierce, MR+ Int+2 SInv}
   (You found it on level 1 of the Vaults)

   It inflicts extra damage upon your enemies.
   It affects your intelligence (+2).
   It affects your resistance to hostile enchantments.
   It lets you see invisible.
Missiles
 t - 10 throwing nets (quivered) {!*}
 A - 4 curare-tipped darts
Armour
 b - a +2 pair of gloves (worn)
 c - the +0 buckler "Gyvoxonk" (worn) {Int+4}
   (You found it on level 2 of the Depths)

   It affects your intelligence (+4).
 n - the +0 ring mail of Bitterness (worn) {rPois rN+ Str+2 Int+4}
   (You found it on level 1 of the Shoals)

   It affects your strength (+2).
   It affects your intelligence (+4).
   It protects you from poison.
   It protects you from negative energy.
 o - a +2 helmet of see invisible
 F - a scarf of repulsion (worn)
Magical Staves
 a - an uncursed staff of wizardry (weapon)
 s - an uncursed staff of power
Jewellery
 i - a +4 ring of intelligence (right hand)
 k - the amulet of the Air (around neck) {Inacc +Fly rElec EV+5 RMsl}
   (You found it on level 4 of the Lair of Beasts)

   [amulet of inaccuracy]

   It reduces the accuracy of all your attacks.
   It affects your evasion (+5).
   It insulates you from electricity.
   It lets you fly.
   It protects you from missiles.
 v - the ring "Beuklabe" {+Fly rCorr Str+6}
   (You found it on level 3 of the Depths)

   [ring of resist corrosion]

   It affects your strength (+6).
   It lets you fly.
   It provides partial protection from all sources of acid and corrosion.
 x - an uncursed amulet of regeneration
 y - an uncursed ring of flight
 z - a ring of protection from fire (left hand)
 C - an uncursed ring of magical power
Wands
 f - a wand of enslavement (16)
 p - a wand of acid (13)
 H - a wand of digging (3)
 M - a wand of iceblast (37)
 O - a wand of scattershot (12)
 S - a wand of disintegration (71)
Scrolls
 m - 3 scrolls of magic mapping
 r - 11 scrolls of fear
 L - 5 scrolls of remove curse
 N - 11 scrolls of identify
 T - 5 scrolls of fog
 U - a scroll of summoning
Potions
 e - 14 potions of curing
 g - 5 potions of haste
 q - 3 potions of flight
 w - 4 potions of cancellation
 B - 5 potions of heal wounds
 J - 5 potions of ambrosia
 P - a potion of resistance
Miscellaneous
 h - a crystal ball of energy
 K - a lightning rod (4/4)
 Q - a lamp of fire
 R - a fan of gales
 Z - a phial of floods
Comestibles
 W - 26 rations


   Skills:
 - Level 11.1 Armour
 - Level 1.7 Dodging
 - Level 1.7 Stealth
 - Level 15.2 Shields
 * Level 17.6 Spellcasting
 * Level 17.8 Conjurations
 - Level 10.0 Summonings
 - Level 0.8 Translocations
 * Level 16.3 Ice Magic
 - Level 10.0 Air Magic
 - Level 10.0 Earth Magic


You had 8 spell levels left.
You knew the following spells:

 Your Spells              Type           Power        Failure   Level  Hunger
a - Spellforged Servitor  Conj/Summ      ########..   1%          7    None
b - Summon Lightning Spi  Summ/Air       #######.     1%          4    None
c - Orb of Destruction    Conj           ########..   1%          7    None
d - Freezing Cloud        Conj/Ice/Air   ########..   1%          6    None
e - Force Lance           Conj/Tloc      #######.     1%          4    None
f - Glaciate              Conj/Ice       ########..   14%         9    #####..
g - Apportation           Tloc           #####.       1%          1    None
h - Lehudib's Crystal Sp  Conj/Erth      ########..   3%          8    ###....
i - Blink                 Tloc           N/A          1%          2    None

Your spell library contained the following spells:

 Spells                   Type           Power        Failure   Level  Hunger
 Ignition                 Fire           #####.....   99%         8    ###....
 Shatter                  Erth           #######...   87%         9    #####..
 Tornado                  Air            #######...   87%         9    #####..
 Magic Dart               Conj           ####         0%          1    None
 Shock                    Conj/Air       ####         0%          1    None
 Throw Frost              Conj/Ice       ######       0%          2    None
 Static Discharge         Conj/Air       ########     0%          3    None
 Infusion                 Chrm           ####         1%          1    None
 Sting                    Conj/Pois      ####         1%          1    None
 Summon Butterflies       Summ           #######.     1%          1    None
 Summon Small Mammal      Summ           ####         1%          1    None
 Call Imp                 Summ           #######.     1%          2    None
 Ensorcelled Hibernation  Hex/Ice        ######       1%          2    None
 Poisonous Vapours        Pois/Air       ######       1%          2    None
 Shroud of Golubria       Chrm/Tloc      #####.       1%          2    None
 Slow                     Hex            #####...     1%          2    None
 Song of Slaying          Chrm           #####...     1%          2    None
 Sublimation of Blood     Necr           #####.....   1%          2    None
 Swiftness                Chrm/Air       ######..     1%          2    None
 Call Canine Familiar     Summ           #######.     1%          3    None
 Conjure Flame            Conj/Fire      #######.     1%          3    None
 Ignite Poison            Fire/Tmut/Pois #####...     1%          3    None
 Lesser Beckoning         Tloc           #####.....   1%          3    None
 Mephitic Cloud           Conj/Pois/Air  #######.     1%          3    None
 Regeneration             Chrm/Necr      #####.....   1%          3    None
 Spectral Weapon          Hex/Chrm       #####...     1%          3    None
 Summon Guardian Golem    Hex/Summ       ######..     1%          3    None
 Tukima's Dance           Hex            #####...     1%          3    None
 Vampiric Draining        Necr           #####.....   1%          3    None
 Airstrike                Air            #######...   1%          4    None
 Olgreb's Toxic Radiance  Pois           #####...     1%          4    None
 Petrify                  Tmut/Erth      ######..     1%          4    None
 Summon Ice Beast         Ice/Summ       #######.     1%          4    None
 Bolt of Magma            Conj/Fire/Erth #######...   1%          5    None
 Irradiate                Conj/Tmut      #######...   1%          5    None
 Iskenderun's Battlesphe  Conj/Chrm      #######.     1%          5    None
 Lightning Bolt           Conj/Air       ########..   1%          5    None
 Venom Bolt               Conj/Pois      #######...   1%          5    None
 Iron Shot                Conj/Erth      ########..   1%          6    None
 Poison Arrow             Conj/Pois      #######...   1%          6    None
 Shadow Creatures         Summ           N/A          1%          6    None
 Borgnjor's Vile Clutch   Necr/Erth      ######....   2%          5    None
 Silence                  Hex/Air        ######....   2%          5    None
 Summon Mana Viper        Hex/Summ       ######..     2%          5    None
 Chain Lightning          Conj/Air       ########..   3%          8    ###....
 Animate Dead             Necr           N/A          6%          4    None
 Summon Hydra             Summ           #######...   9%          7    None
 Agony                    Necr           #####...     16%         5    None
 Alistair's Intoxication  Tmut/Pois      #####...     16%         5    None
 Excruciating Wounds      Chrm/Necr      #####.....   16%         5    None
 Darkness                 Hex            #####.....   63%         6    None
 Death Channel            Necr           #####.....   63%         6    None
 Invisibility             Hex            #####...     63%         6    None
 Ring of Flames           Chrm/Fire      #####.....   99%         7    None
 Fire Storm               Conj/Fire      #######...   94%         9    #####..


Dungeon Overview and Level Annotations

Branches:
Dungeon (15/15)            Temple (1/1) D:4            Lair (6/6) D:8
 Shoals (4/4) Lair:4        Snake (4/4) Lair:4        Slime (3/5) Lair:6
    Orc (2/2) D:11            Elf (0/3) Orc:2        Vaults (5/5) D:14
  Crypt (3/3) Vaults:2       Tomb (0/3) Crypt:3      Depths (5/5) D:15
 WizLab (visited)
    Zot: Depths:5

Altars:
Ashenzari
Cheibriados
Dithmenos
Elyvilon
Fedhas
Gozag
Hepliaklqana
Kikubaaqudgha
Makhleb
Nemelex Xobeh
Okawaru
Qazlal
Ru
Sif Muna
Trog
Uskayaw
Vehumet
Wu Jian
Xom
Yredelemnul
Zin
The Shining One
Beogh
Jiyva
Lugonu

Shops:
D:15 :   Orc:2 (:[*   Vaults:4 (

Portals:
Hell: Depths:1 Depths:2 Depths:3 Depths:4
Abyss: Depths:2 Depths:4* Depths:5
Pandemonium: Depths:2 Depths:3 Depths:4
Ziggurat: Depths:4
Trove: D:12 (give +2 gold dragon scales)

Annotations:
Lair:1 3 runed translucent doors, hitsuchi's ghost, novice DDEE
Snake:1 1 transporter
Snake:3 3 runed translucent doors, Bai Suzhen; Tunky's ghost, journeyman TrBe
Slime:2 exclusion: 2 upstairs
Depths:1 1 runed translucent door, exclusions: 2 obsidian statues and orange crystal statue
Depths:3 1 runed translucent door


Innate Abilities, Weirdness & Mutations

You have claws for feet.
You are completely covered in yellow scales. (AC +4, rCorr)
Your flesh is cold resistant. (rC+)
You regenerate a lot of health from kills.
You are completely covered in sharp spines.
You are immune to freezing clouds.
You have a pair of antennae on your head.
Your mind is acute. (Int +2)


Message History

The yaktaur captain shoots a bolt.
The bolt misses you.
The stone giant throws a large rock.
The large rock is repelled.
You feel better.
You block the ironheart preserver's attack.
The quicksilver dragon is struck by your spines.
The quicksilver dragon bites you.
The quicksilver dragon completely misses you.
An ogre comes into view. It is wielding a +0 giant club.
The tengu reaver casts a spell.
The tengu reaver conjures a globe of magical energy!
The ironheart preserver casts a spell.
The ironheart preserver begins to accept its allies' injuries.
A battlesphere comes into view.
The quicksilver dragon bites you! The quicksilver dragon claws you.
The yaktaur captain shoots a bolt.
The bolt is repelled.
The ettin is struck by your spines.
The ettin hits you with a +1 dire flail of holy wrath!!
* * * LOW HITPOINT WARNING * * *
You convulse!!
You die...

#...c# ###
#..#./..# ...
#..#.C..# ...
###..#..[.#..###
eC(.#....#.....
.e()p....H[....
#####.(2D.Cl.####
.....(..e@p[..c..
.....)(cDe<.((...
......[(Q<...(...
......c.*..(O....
#####.)..(.O.####
.e......((..
#)..#....#p.O
....#....#...#
#.e#.#....# ..


You could see 2 ironheart preservers, a storm dragon, a quicksilver dragon, a
sphinx, 2 stone giants, a tengu reaver, 2 yaktaur captains, an ettin, a deep elf
sorcerer, a two-headed ogre, an ogre mage, 2 deep elf demonologists, a vault
sentinel, a deep elf archer, 2 yaktaurs, a deep elf mage, a hellion, a wyvern,
an ogre and a battlesphere.

Vanquished Creatures
  2 ancient liches
  A juggernaut (Depths:3)
  Sojobo (Depths:1)
  2 liches
  Rupert (Lair:4)
  2 tentacled monstrosities
  A titan (Vaults:4)
  4 acid blobs
  A sphinx (Depths:2)
  Gastronok (Lair:3)
  2 revenants (Crypt:3)
  A shadow dragon (Vaults:5)
  4 tengu reavers
  4 nagarajas
  Ilsuiw (Shoals:4)
  3 fire giants
  6 azure jellies
  2 vault wardens
  Louise (D:15)
  2 orc warlords (Orc:2)
  A curse skull (Crypt:2)
  7 stone giants
  4 war gargoyles
  3 ironheart preservers
  3 vampire knights
  Azrael (D:15)
  A deep elf annihilator (Vaults:5)
  A lorocyproca (Depths:2)
  2 ettins
  2 spark wasps (Depths:4)
  2 death oozes (Slime:2)
  An eidolon (Crypt:2)
  A merfolk javelineer (Depths:3)
  3 deep elf death magi
  5 yaktaur captains
  2 merfolk impalers (Shoals:4)
  2 fire dragons
  A jiangshi (Crypt:3)
  Josephine (Lair:4)
  A deep elf high priest (Vaults:5)
  21 vault guards
  An ice dragon (Depths:4)
  8 naga warriors
  Harold (D:8)
  4 hydras
  A two-headed ogre (shapeshifter) (Vaults:3)
  5 anacondas
  20 two-headed ogres
  A death knight (Crypt:2)
  6 ogre magi
  A tengu warrior (Depths:1)
  12 centaur warriors
  2 vampire magi (Crypt:2)
  A deep troll shaman (Depths:3)
  An orc high priest (Orc:2)
  5 shock serpents
  Urug (Lair:3)
  4 naga sharpshooters
  A soul eater (Crypt:2)
  A storm dragon zombie (Crypt:1)
  A deep elf knight (Vaults:1)
  Nergalle (Orc:2)
  4 skeletal warriors
  2 hell knights
  2 salamander mystics
  3 shadow wraiths
  A spark wasp zombie (Crypt:2)
  3 deep trolls
  A titan skeleton (Crypt:3)
  2 sea snakes
  5 naga ritualists
  A glowing orange brain (shapeshifter) (Vaults:5)
  A torturous demonspawn (Depths:4)
  An unseen horror (shapeshifter) (Depths:2)
  3 unseen horrors
  4 wizards
  2 flayed ghosts
  4 deep elf archers
  3 necromancers
  10 phantasmal warriors
  4 ironbrand convokers
  2 golden dragon skeletons (Crypt:3)
  6 orc knights
  A wolf spider (Lair:6)
  6 mana vipers
  13 ugly things
  7 harpies
  5 orc sorcerers
  A mana viper (shapeshifter) (Depths:1)
  A shining eye (Slime:2)
  5 cyclopes
  A stone giant zombie (Depths:2)
  3 deep elf magi
  14 salamanders
  Maurice (D:9)
  3 fauns
  2 manticores (D:14)
  A glowing shapeshifter (Vaults:4)
  2 merfolk sirens
  A tengu skeleton (Vaults:2)
  5 guardian serpents
  A water nymph (Shoals:4)
  36 black mambas
  3 vault sentinels
  12 naga magi
  A rust devil (Depths:2)
  Psyche (D:8)
  A torpor snail (shapeshifter) (Vaults:4)
  2 gargoyles
  4 torpor snails
  9 spiny frogs
  2 rime drakes
  6 komodo dragons
  A kobold demonologist (Depths:4)
  A tormentor (Depths:3)
  A komodo dragon (shapeshifter) (Vaults:5)
  A tengu conjurer (Depths:3)
  20 yaktaurs
  A freezing wraith (D:12)
  13 trolls
  4 guardian mummies
  A harpy zombie (Crypt:1)
  2 wind drakes
  A polar bear (Lair:6)
  An ice devil (Depths:1)
  A jumping spider (Vaults:5)
  3 meliai (D:13)
  5 hornets
  5 merfolk
  6 blink frogs
  A wolf spider simulacrum (D:15)
  11 hippogriffs
  A dream sheep (shapeshifter) (Depths:2)
  2 snapping turtles
  6 dream sheep (Lair:6)
  13 slime creatures
  A centaur simulacrum (D:14)
  6 redbacks
  A spriggan (Depths:4)
  6 shadows
  7 water elementals
  2 flying skulls (Depths:1)
  5 wraiths
  38 yaks
  A vampire (D:14)
  4 golden eyes (Slime:2)
  4 basilisks
  12 wyverns
  A fire elemental (D:15)
  A chaos spawn (Depths:3)
  2 hungry ghosts
  A neqoxec (Depths:3)
  7 wargs
  33 nagas
  2 acid dragons
  An ogre skeleton (Vaults:1)
  4 hell hounds (D:15)
  2 soldier ants
  26 water moccasins
  11 porcupines
  3 black bears
  A floating eye (Depths:3)
  An ice beast (D:7)
  2 sky beasts
  38 orc warriors
  4 eyes of draining
  11 boggarts
  19 centaurs
  A boggart (shapeshifter) (Vaults:2)
  26 ogres
  12 wolves (Lair:2)
  10 crocodiles
  5 big kobolds
  13 bullfrogs
  5 scorpions
  8 wights
  2 electric eels
  5 howler monkeys
  6 crimson imps
  4 centaur zombies
  3 bullfrog zombies
  5 hounds
  4 quasits
  8 jellies
  30 orc priests
  2 gnoll shamans
  35 orc wizards
  4 centaur skeletons
  5 iguanas
  Ijyb (D:3)
  9 worker ants
  10 gnolls
  10 adders
  5 shadow imps
  An ufetubus (Depths:2)
  An adder zombie (D:8)
  3 oozes
  2 worms
  2 dart slugs (D:3)
  9 leopard geckos
  93 orcs
  14 giant cockroaches
  6 goblins
  12 hobgoblins
  2 jackals (D:7)
  27 kobolds
  6 quokkas
  5 ball pythons
  7 bats
  10 frilled lizards
  A giant cockroach zombie (D:5)
  A quokka skeleton (D:5)
  7 rats
  A rat skeleton (Crypt:1)
  A block of ice (Vaults:4)
  4 fungi
  4 plants
1204 creatures vanquished.

Vanquished Creatures (collateral kills)
  2 juggernauts
  An ancient lich (Crypt:3)
  A caustic shrike (Depths:2)
  A bone dragon (Crypt:3)
  A tentacled monstrosity (Vaults:4)
  Asterion (Depths:2)
  3 titans
  6 acid blobs
  6 ancient champions (Crypt:3)
  A sphinx (Vaults:3)
  A storm dragon (Vaults:2)
  6 tengu reavers
  4 revenants
  5 azure jellies
  2 nagarajas (Snake:4)
  3 frost giants
  2 iron dragons
  13 vault wardens
  3 fire giants
  2 cacodemons
  8 ironheart preservers
  A juggernaut zombie (Depths:2)
  A curse skull (Crypt:1)
  A caustic shrike skeleton (Crypt:3)
  7 very ugly things
  13 stone giants
  A vampire knight (Crypt:2)
  An entropy weaver (Vaults:3)
  A deep elf demonologist (Vaults:3)
  4 spark wasps
  4 eidola
  6 merfolk impalers
  A mummy priest (Crypt:3)
  2 ettins
  10 merfolk javelineers
  2 death oozes
  5 yaktaur captains
  4 fire dragons
  5 jiangshi
  10 great orbs of eyes
  7 ice dragons
  A hell beast (Depths:1)
  5 rakshasas
  12 vault guards
  A catoblepas (D:15)
  3 naga warriors
  6 death knights
  An ice dragon (shapeshifter) (Depths:4)
  6 merfolk aquamancers
  9 centaur warriors
  A monstrous demonspawn (Depths:2)
  3 merfolk avatars
  3 satyrs
  3 alligator snapping turtles
  24 two-headed ogres
  4 tengu warriors
  13 ogre magi
  7 deep troll shamans
  5 deep troll earth magi
  4 soul eaters
  A vampire mage (Depths:2)
  8 deep elf knights
  6 naga sharpshooters
  5 spriggan berserkers
  5 spriggans (Depths:4)
  A storm dragon skeleton (Vaults:4)
  A sun demon (Depths:4)
  2 storm dragon zombies
  7 titan skeletons
  5 hell knights (Depths:3)
  24 skeletal warriors
  5 flayed ghosts
  2 deep elf archers
  8 sea snakes
  4 iron trolls
  15 deep trolls
  A death drake (shapeshifter) (Depths:4)
  2 spark wasp zombies
  6 wizards
  A glowing orange brain (shapeshifter) (Depths:2)
  A naga ritualist (Snake:4)
  3 shadow dragon zombies
  2 tengu zombies
  18 harpies
  An iron dragon zombie (Crypt:2)
  6 phantasmal warriors
  2 wolf spiders
  11 orc knights
  A harpy (shapeshifter) (Depths:2)
  4 necromancers
  13 deep elf magi
  A sphinx zombie (Vaults:1)
  12 ironbrand convokers
  9 cyclopes
  2 spectral fire dragons (Crypt:1)
  A sphinx skeleton (Vaults:1)
  2 stone giant zombies
  32 ugly things
  4 spectral ice dragons (Crypt:1)
  A frost giant skeleton (Crypt:3)
  5 fauns
  57 slime creatures
  An iron dragon skeleton (Crypt:2)
  5 shining eyes (Slime:2)
  10 manticores
  2 tengu skeletons
  9 naga magi
  12 merfolk sirens
  A rust devil (Depths:3)
  7 water nymphs
  12 vault sentinels
  A black mamba (shapeshifter) (Vaults:2)
  A guardian serpent (Snake:1)
  A human skeleton (Vaults:2)
  A stone giant skeleton (Crypt:3)
  2 eyes of devastation
  3 black mambas
  A shock serpent skeleton (Crypt:1)
  3 dire elephant skeletons (Crypt:3)
  A catoblepas zombie (Crypt:3)
  A fire giant skeleton (Crypt:3)
  5 freezing wraiths
  2 hellwings (Depths:2)
  A tormentor (WizLab)
  28 yaktaurs
  A death yak zombie (Crypt:3)
  4 guardian mummies (Crypt:3)
  An ice devil (Depths:2)
  A red devil (Depths:1)
  A red draconian skeleton (Crypt:2)
  A tengu conjurer (Depths:3)
  A troll (shapeshifter) (Vaults:4)
  A polar bear (shapeshifter) (Vaults:2)
  24 merfolk
  7 hornets
  A wolf spider simulacrum (D:15)
  A fire dragon zombie (Crypt:2)
  2 wind drakes
  16 dream sheep
  A meliai zombie (Crypt:1)
  A tengu simulacrum (Depths:2)
  4 hippogriffs
  An alligator skeleton (Crypt:3)
  5 human simulacra
  15 snapping turtles
  11 water elementals
  17 flying skulls
  2 ynoxinuls (Depths:4)
  2 fire dragon skeletons
  A shadow (D:14)
  An ice dragon skeleton (Crypt:3)
  3 ettin skeletons
  An elf zombie (Vaults:2)
  A redback (Vaults:3)
  A black mamba skeleton (Crypt:3)
  A golden eye (Slime:2)
  A warg (shapeshifter) (Depths:3)
  A warg (Vaults:1)
  An infernal demonspawn zombie (Crypt:1)
  11 nagas
  A two-headed ogre zombie (Crypt:2)
  A spiny frog zombie (Crypt:2)
  A swamp worm (shapeshifter) (Depths:3)
  An acid dragon (Vaults:2)
  A torturous demonspawn skeleton (Crypt:3)
  10 orc warriors
  An ice beast (shapeshifter) (Depths:2)
  A black bear (shapeshifter) (Depths:2)
  12 centaurs
  4 eyes of draining
  3 boggarts
  28 ogres
  A swamp dragon skeleton (Crypt:1)
  2 orc skeletons
  A snapping turtle skeleton (Crypt:2)
  A bullfrog (D:14)
  A fire crab zombie (Crypt:1)
  A troll zombie (Crypt:2)
  A killer bee (shapeshifter) (Vaults:3)
  A polar bear zombie (Crypt:2)
  An elf simulacrum (Vaults:1)
  16 wights (Crypt:3)
  2 crimson imps (Depths:2)
  2 quasits (Depths:2)
  An iron imp (Depths:2)
  An orc wizard (Vaults:4)
  A demigod zombie (Crypt:3)
  A worker ant zombie (Crypt:2)
  A swamp drake skeleton (Crypt:3)
  A white imp (Depths:2)
  An iguana zombie (Crypt:1)
  8 orcs
  A frilled lizard skeleton (Crypt:2)
  A hobgoblin zombie (Crypt:2)
  2 kobolds (D:12)
  A leopard gecko skeleton (Crypt:3)
  An orc zombie (Crypt:3)
  A river rat skeleton (Crypt:3)
  A block of ice (Vaults:5)
  4 plants
941 creatures vanquished.

Vanquished Creatures (others)
  A frost giant (Vaults:5)
  An ironheart preserver (Vaults:5)
  A very ugly thing (Vaults:5)
  An entropy weaver (Vaults:4)
  An ettin (Depths:1)
  A centaur warrior (D:9)
  A sea snake (Shoals:4)
  A harpy (Shoals:4)
  A water nymph (Shoals:4)
  A yaktaur (Vaults:3)
  A snapping turtle (Shoals:4)
  An ogre (Vaults:5)
  31 blocks of ice
  35 fungi
  23 plants
101 creatures vanquished.

Grand Total: 2246 creatures vanquished

Notes
Turn   | Place    | Note
-------+----------+-------------------------------------------
     0 | D:1      | Chiseanne the Demonspawn Wizard began the quest for the
                  | Orb.
     0 | D:1      | Reached XP level 1. HP: 13/13 MP: 4/4
   197 | D:1      | Gained mutation: You are partially covered in yellow
                  | scales. (AC +2) [demonic ancestry]
   197 | D:1      | Reached XP level 2. HP: 19/19 MP: 3/6
   982 | D:2      | Gained mutation: You regenerate a little health from kills.
                  | [demonic ancestry]
   982 | D:2      | Reached XP level 3. HP: 24/24 MP: 8/8
  1120 | D:2      | Learned a level 2 spell: Blink
  1124 | D:2      | Learned a level 3 spell: Conjure Flame
  1128 | D:2      | Learned a level 3 spell: Mephitic Cloud
  1877 | D:2      | Gained mutation: You have sharp toenails. [demonic
                  | ancestry]
  1877 | D:2      | Reached XP level 4. HP: 20/30 MP: 1/9
  3222 | D:3      | Noticed Ijyb
  3256 | D:3      | Killed Ijyb
  3256 | D:3      | Gained mutation: You are partially covered in sharp spines.
                  | [demonic ancestry]
  3256 | D:3      | Reached XP level 5. HP: 35/35 MP: 1/11
  3861 | D:4      | Identified the Grimoire of Confrontation and the Glacier
  3928 | D:4      | Found a staircase to the Ecumenical Temple.
  3968 | D:4      | Found a glowing drain.
  4041 | Sewer    | Entered a sewer
  4250 | Sewer    | Gained mutation: You are mostly covered in yellow scales.
                  | (AC +3) [demonic ancestry]
  4250 | Sewer    | Reached XP level 6. HP: 41/41 MP: 8/13
  4419 | Sewer    | Reached skill level 5 in Spellcasting
  4523 | Sewer    | Got a scorched ring mail
  5191 | D:4      | Found a hide-covered altar of Uskayaw.
  5236 | D:4      | Found a sparkling altar of Nemelex Xobeh.
  5392 | D:5      | Entered Level 5 of the Dungeon
  5400 | D:5      | Reached skill level 5 in Conjurations
  5540 | D:5      | Found an opulent altar of Gozag.
  5580 | D:5      | Noticed a sky beast
  5581 | D:5      | Reached XP level 7. HP: 46/46 MP: 7/15
  6568 | D:6      | Found a shimmering altar of Xom.
  6569 | D:6      | Found a hazy altar of Hepliaklqana.
  6569 | D:6      | Noticed a hell beast
  6570 | D:6      | Noticed a hell beast
  6570 | D:6      | Noticed a spectral ugly thing
  6596 | D:6      | Gained mutation: You regenerate health from kills. [demonic
                  | ancestry]
  6596 | D:6      | Reached XP level 8. HP: 52/52 MP: 0/18
  6882 | D:6      | Found a shadowy altar of Dithmenos.
  6896 | D:6      | Found a shattered altar of Ashenzari.
  7296 | D:6      | Found an ornate altar of the Wu Jian Council.
  7478 | D:6      | Found a sacrificial altar of Ru.
  8190 | Temple   | Entered the Ecumenical Temple
  9166 | D:7      | Identified the +1 ring mail of Relativism {MR+ Dex+5} (You
                  | found it in a sewer)
  9324 | D:7      | Gained mutation: You regenerate a lot of health from kills.
                  | [demonic ancestry]
  9324 | D:7      | Reached XP level 9. HP: 47/57 MP: 5/21
  9504 | D:7      | Got a polished ring mail
  9629 | D:8      | Noticed a two-headed ogre
  9646 | D:8      | Killed a two-headed ogre
  9946 | D:8      | Identified the +2 ring mail of the Failed Coup {+Blink
                  | rCorr Int+4} (You found it on level 7 of the Dungeon)
 10104 | D:8      | Found a hazy altar of Hepliaklqana.
 10112 | D:8      | Reached skill level 1 in Armour
 10822 | D:8      | Reached skill level 5 in Armour
 10909 | D:8      | Found a staircase to the Lair.
 11182 | D:8      | Gained mutation: You have razor-sharp toenails. [demonic
                  | ancestry]
 11182 | D:8      | Reached XP level 10. HP: 63/63 MP: 9/23
 11618 | D:8      | Noticed Psyche
 11636 | D:8      | Killed Psyche
 11702 | D:9      | Noticed Maurice
 11709 | D:9      | Noticed Harold
 11748 | D:8      | Killed Harold
 11948 | D:10     | Entered Level 10 of the Dungeon
 12424 | D:9      | Killed Maurice
 12803 | D:9      | Noticed a green ugly thing
 12895 | D:9      | Noticed a centaur warrior
 12900 | D:9      | Killed a centaur warrior
 12947 | D:9      | Noticed a wizard
 12957 | D:9      | Killed a wizard
 12963 | D:9      | Reached skill level 10 in Armour
 12968 | D:9      | Noticed a two-headed ogre
 12968 | D:9      | Found a burning altar of Makhleb.
 12968 | D:9      | Found a basalt altar of Yredelemnul.
 13112 | D:9      | Gained mutation: You have claws for feet. [demonic
                  | ancestry]
 13112 | D:9      | Reached XP level 11. HP: 41/68 MP: 18/24
 13416 | D:9      | Killed a green ugly thing
 13851 | D:9      | Killed a two-headed ogre
 14150 | D:9      | Found a radiant altar of Vehumet.
 14151 | D:9      | Found a snail-covered altar of Cheibriados.
 14157 | D:9      | Became a worshipper of Vehumet
 14815 | D:10     | Learned a level 6 spell: Freezing Cloud
 15215 | D:10     | Reached skill level 1 in Ice Magic
 15215 | D:10     | Reached skill level 1 in Air Magic
 15616 | D:11     | Noticed a two-headed ogre
 15627 | D:11     | Killed a two-headed ogre
 15687 | D:11     | Found a staircase to the Orcish Mines.
 15904 | D:11     | Reached * piety under Vehumet
 15904 | D:11     | Offered knowledge of Shock by Vehumet.
 16153 | D:11     | Identified a scroll of acquirement
 16916 | D:11     | Noticed a green ugly thing
 16932 | D:11     | Killed a green ugly thing
 16932 | D:11     | Reached skill level 10 in Conjurations
 17580 | D:11     | Reached ** piety under Vehumet
 17590 | D:11     | Reached XP level 12. HP: 65/74 MP: 11/25
 17594 | D:11     | Offered knowledge of Flame Tongue by Vehumet.
 18106 | D:11     | Reached skill level 10 in Spellcasting
 18996 | Orc:1    | Entered Level 1 of the Orcish Mines
 19491 | Orc:1    | Offered knowledge of Static Discharge by Vehumet.
 19674 | Orc:1    | Reached *** piety under Vehumet
 19840 | Orc:1    | Found a runed translucent door.
 19860 | Orc:1    | You fall into a shaft and drop 1 floor!
 19860 | Orc:2    | Entered Level 2 of the Orcish Mines
 19868 | Orc:2    | Noticed an orc high priest
 19904 | Orc:2    | Killed an orc high priest
 19918 | Orc:2    | Offered knowledge of Force Lance by Vehumet.
 19918 | Orc:2    | Reached skill level 5 in Air Magic
 20147 | Orc:2    | Learned a level 4 spell: Force Lance
 20179 | Orc:2    | Reached skill level 5 in Ice Magic
 20683 | Orc:2    | Noticed an orc warlord
 20715 | Orc:2    | Killed an orc warlord
 21131 | Orc:2    | Reached **** piety under Vehumet
 21409 | Orc:2    | Noticed Nergalle
 21410 | Orc:2    | Found a roughly hewn altar of Beogh.
 21459 | Orc:2    | Killed Nergalle
 21459 | Orc:2    | Offered knowledge of Yara's Violent Unravelling by Vehumet.
 21816 | Orc:2    | Found Atucleuw's Book Shop.
 21853 | Orc:2    | Found Ysitetol's General Store.
 21861 | Orc:2    | Bought a scroll of teleportation for 48 gold pieces
 21861 | Orc:2    | Bought a potion of might for 64 gold pieces
 21869 | Orc:2    | Found Lics's Antique Armour Shop.
 21886 | Orc:2    | Found Xeumineh's Antique Weapon Shop.
 22533 | Orc:2    | Noticed an orc warlord
 22733 | Orc:2    | Killed an orc warlord
 22733 | Orc:2    | Gained mutation: You are mostly covered in sharp spines.
                  | [demonic ancestry]
 22733 | Orc:2    | Reached XP level 13. HP: 79/79 MP: 18/28
 22892 | Orc:2    | Found a staircase to the Elven Halls.
 23387 | Orc:1    | Found a roughly hewn altar of Beogh.
 23535 | Lair:1   | Entered Level 1 of the Lair of Beasts
 24042 | Lair:1   | Found a runed translucent gate.
 24042 | Lair:1   | Found a runed translucent gate.
 24042 | Lair:1   | Found a runed translucent gate.
 24044 | Lair:1   | Noticed hitsuchi's ghost (novice DDEE)
 24836 | Lair:2   | Learned a level 5 spell: Iskenderun's Battlesphere
 24842 | Lair:2   | Learned a level 5 spell: Venom Bolt
 24849 | Lair:2   | Learned a level 6 spell: Iron Shot
 24881 | Lair:2   | Reached ***** piety under Vehumet
 25182 | Lair:2   | Offered knowledge of Bolt of Draining by Vehumet.
 26117 | Lair:3   | Noticed Urug
 26124 | Lair:3   | Killed Urug
 26609 | Lair:3   | Noticed Gastronok
 26619 | Lair:3   | Killed Gastronok
 27145 | Lair:4   | Found the amulet of the Air {Inacc +Fly rElec EV+5 RMsl}
 27355 | Lair:4   | Noticed Rupert
 27370 | Lair:4   | Killed Rupert
 27875 | Lair:4   | Found a staircase to the Snake Pit.
 27928 | Lair:4   | Found a staircase to the Shoals.
 28274 | Lair:4   | Got a translucent rapier
 28276 | Lair:4   | Identified the +8 rapier "Dragonslayer" {pain, rElec rPois}
                  | (You found it on level 4 of the Lair of Beasts)
 28323 | Lair:5   | Noticed Josephine
 28460 | Lair:4   | Killed Josephine
 29092 | Lair:5   | Got a dazzling leather armour
 29094 | Lair:5   | Identified the +5 leather armour of Love and Death {rPois
                  | rCorr Dex+3} (You found it on level 5 of the Lair of
                  | Beasts)
 29238 | Lair:5   | Reached XP level 14. HP: 85/85 MP: 22/30
 29771 | Lair:6   | Entered Level 6 of the Lair of Beasts
 29882 | Lair:6   | Offered knowledge of Ozocubu's Refrigeration by Vehumet.
 30292 | Lair:6   | Got a translucent dagger
 30313 | Lair:6   | Identified the cursed +1 dagger of Novah {venom, Int+2
                  | Dex+3} (You found it on level 6 of the Lair of Beasts)
 30620 | Lair:6   | Learned a level 4 spell: Summon Lightning Spire
 30893 | Lair:6   | Found a viscous altar of Jiyva.
 30893 | Lair:6   | Found a staircase to the Slime Pits.
 31781 | Lair:6   | Found a snail-covered altar of Cheibriados.
 32073 | Lair:6   | Reached skill level 10 in Air Magic
 32588 | D:12     | Reached skill level 10 in Ice Magic
 32819 | D:12     | Reached skill level 1 in Earth Magic
 32954 | D:12     | Found a portal to a secret trove of treasure.
 33890 | D:13     | Offered knowledge of Irradiate by Vehumet.
 35880 | D:14     | Noticed a fire giant
 36178 | D:14     | Gained mutation: You are completely covered in sharp
                  | spines. [demonic ancestry]
 36178 | D:14     | Reached XP level 15. HP: 89/89 MP: 22/32
 36227 | D:14     | Killed a fire giant
 36272 | D:14     | Found a gate to the Vaults.
 36316 | D:14     | Offered knowledge of Bolt of Cold by Vehumet.
 36659 | D:15     | Entered Level 15 of the Dungeon
 36777 | D:15     | Found Uteuwonix's Book Shop.
 37225 | D:15     | Reached skill level 5 in Earth Magic
 37488 | D:15     | Found a staircase to the Depths.
 37534 | D:15     | Upgraded the game from 0.24-a0-539-g6aae15eeb0 to
                  | 0.24-a0-545-gd1b266bae6
 37610 | D:15     | Reached skill level 1 in Shields
 37686 | D:15     | Identified the +2 large shield of Shielding {rElec rC+ MR+}
 37686 | D:15     | Noticed Louise
 37702 | D:15     | Killed Louise
 37731 | D:15     | Noticed Azrael
 38186 | D:15     | Found a glowing silver altar of Zin.
 38226 | D:15     | Killed Azrael
 39010 | Snake:1  | Entered Level 1 of the Snake Pit
 39328 | Snake:1  | Noticed a nagaraja
 39333 | Snake:1  | Found a transporter.
 39335 | Snake:1  | Found a shimmering blue altar of Sif Muna.
 39345 | Snake:1  | Noticed a nagaraja
 39922 | Snake:1  | Offered knowledge of Conjure Ball Lightning by Vehumet.
 40106 | Snake:1  | Noticed a nagaraja
 41440 | Snake:2  | Noticed a nagaraja
 41452 | Snake:2  | Killed a nagaraja
 42421 | Snake:3  | Gained mutation: You are completely covered in yellow
                  | scales. (AC +4, rCorr) [demonic ancestry]
 42421 | Snake:3  | Reached XP level 16. HP: 65/95 MP: 14/34
 43446 | Snake:3  | Found a runed translucent gate.
 43447 | Snake:3  | Found a runed translucent gate.
 43447 | Snake:3  | Found a runed translucent gate.
 43449 | Snake:3  | Noticed Tunky's ghost (journeyman TrBe)
 43541 | Snake:3  | Noticed Bai Suzhen
 44134 | Snake:3  | Reached skill level 10 in Earth Magic
 44335 | Snake:3  | Offered knowledge of Poison Arrow by Vehumet.
 44386 | Snake:3  | Learned a level 7 spell: Spellforged Servitor
 44792 | Snake:4  | Entered Level 4 of the Snake Pit
 45225 | Snake:4  | Reached skill level 5 in Summonings
 46555 | Snake:4  | Found a white marble altar of Elyvilon.
 47461 | D:15     | Learned a level 7 spell: Orb of Destruction
 47857 | Snake:4  | Got a serpentine rune of Zot
 47905 | Snake:3  | Chiseanne: thx snakemen for helping me out lol
 48034 | Shoals:1 | Entered Level 1 of the Shoals
 48283 | Shoals:1 | Noticed a titan
 48309 | Shoals:1 | Killed a titan
 48481 | Shoals:1 | Identified the cursed +0 ring mail of Bitterness {rPois rN+
                  | Str+2 Int+4} (You found it on level 1 of the Shoals)
 48810 | Shoals:2 | Offered knowledge of Bolt of Fire by Vehumet.
 48880 | Shoals:2 | Reached skill level 10 in Summonings
 49085 | Shoals:2 | Reached XP level 17. HP: 100/100 MP: 25/35
 49257 | Shoals:3 | Reached skill level 15 in Spellcasting
 50062 | Shoals:4 | Entered Level 4 of the Shoals
 50355 | Shoals:3 | Identified the +7 spear "Killer Klown's Death" {flame, rF+
                  | Int+3 Dex+3} (You found it on level 3 of the Shoals)
 50409 | Shoals:3 | Found Baof's Distillery.
 50678 | Shoals:3 | Bought a potion of heal wounds for 90 gold pieces
 50678 | Shoals:3 | Bought a potion of mutation for 144 gold pieces
 50678 | Shoals:3 | Bought a potion of heal wounds for 90 gold pieces
 50678 | Shoals:3 | Bought a potion of flight for 54 gold pieces
 50678 | Shoals:3 | Bought 2 potions of heal wounds for 180 gold pieces
 50678 | Shoals:3 | Bought a potion of heal wounds for 90 gold pieces
 50678 | Shoals:3 | Bought a potion of curing for 54 gold pieces
 50678 | Shoals:3 | Bought a potion of haste for 180 gold pieces
 50934 | Shoals:4 | Noticed Ilsuiw
 51167 | Shoals:3 | Upgraded the game from 0.24-a0-545-gd1b266bae6 to
                  | 0.24-a0-581-gc0fa6600bf
 52059 | Shoals:4 | Learned a level 1 spell: Apportation
 52074 | Shoals:4 | Killed Ilsuiw
 52079 | Shoals:4 | Reached ****** piety under Vehumet
 52501 | Shoals:4 | Found a shimmering altar of Xom.
 52799 | Shoals:4 | Got a barnacled rune of Zot
 53222 | Vaults:1 | Entered Level 1 of the Vaults
 53230 | Vaults:1 | Reached skill level 5 in Shields
 53570 | Vaults:1 | Offered knowledge of Shatter by Vehumet.
 53570 | Vaults:1 | Offered knowledge of Tornado by Vehumet.
 53570 | Vaults:1 | Offered knowledge of Ignition by Vehumet.
 53996 | Vaults:1 | Gained mutation: Your flesh is cold resistant. (rC+)
                  | [demonic ancestry]
 53996 | Vaults:1 | Reached XP level 18. HP: 107/107 MP: 4/37
 54968 | Vaults:1 | Identified the +4 dagger "Xuin Ziesk" {pierce, MR+ Int+2
                  | SInv} (You found it on level 1 of the Vaults)
 55300 | Vaults:1 | Reached skill level 10 in Shields
 55729 | Vaults:2 | Noticed a lich
 55729 | Vaults:2 | Paralysed by a lich for 5 turns
 55740 | Vaults:2 | Killed a lich
 57077 | Vaults:2 | Found a staircase to the Crypt.
 57917 | Vaults:3 | Identified the cursed +3 trident "Juyl" {holy, rN+ MR+
                  | Int+4}
 59022 | Vaults:3 | Reached XP level 19. HP: 112/112 MP: 6/38
 59165 | Vaults:3 | Learned a level 8 spell: Lehudib's Crystal Spear
 59340 | Vaults:3 | You fall into a shaft and drop 1 floor!
 60324 | Vaults:4 | Found Suck's Weapon Boutique.
 61140 | Vaults:4 | Reached skill level 15 in Shields
 62650 | D:15     | Upgraded the game from 0.24-a0-581-gc0fa6600bf to
                  | 0.24-a0-618-ge4662a2d14
 62913 | Depths:1 | Entered Level 1 of the Depths
 63147 | Depths:1 | Found a shadowy altar of Dithmenos.
 63170 | Depths:1 | Noticed Sojobo
 63546 | Depths:1 | Found a runed translucent door.
 63581 | Depths:1 | Found a gateway to Hell.
 63917 | Depths:1 | Killed Sojobo
 64530 | Depths:1 | Noticed an ancient lich
 64531 | Depths:1 | Found the ring of the Mage {Wiz MR++ Int+3}
 64707 | Depths:2 | Got a dazzling buckler
 64869 | Depths:1 | Upgraded the game from 0.24-a0-618-ge4662a2d14 to
                  | 0.24-a0-639-gb70a11d811
 64992 | Depths:2 | Learned a level 9 spell: Glaciate
 65164 | Depths:2 | Noticed a caustic shrike
 65169 | Depths:2 | Killed a caustic shrike
 65341 | Depths:2 | Reached XP level 20. HP: 92/118 MP: 26/40
 65358 | Depths:2 | Noticed Asterion
 65373 | Depths:2 | Found a one-way gate leading to the halls of Pandemonium.
 65657 | Depths:2 | Killed Asterion
 65668 | Depths:2 | Found a one-way gate to the infinite horrors of the Abyss.
 65669 | Depths:2 | Identified the cursed +0 buckler "Gyvoxonk" {Int+4} (You
                  | found it on level 2 of the Depths)
 65834 | Depths:2 | Upgraded the game from 0.24-a0-639-gb70a11d811 to
                  | 0.24-a0-693-g39a19ac0f1
 65834 | Depths:2 | Chiseanne: magier
 65834 | Depths:2 | Tensor: Das ist er? Cool. Magst du Mages?
 65834 | Depths:2 | Chiseanne: 2 runen erst aber bin ganz guter dinge
 65834 | Depths:2 | Chiseanne: absolut
 65834 | Depths:2 | Chiseanne: spriggans und wizards
 65834 | Depths:2 | Tensor: minimum an runen ist doch 3, oder?
 65834 | Depths:2 | Chiseanne: genau
 65834 | Depths:2 | Chiseanne: also brauch ich noch eine
 65834 | Depths:2 | Tensor: ja spirggans mag ich auch sehr genr
 65834 | Depths:2 | Chiseanne: aber wenn er gut luft gehe ich auf 15
 65834 | Depths:2 | Tensor: was ist der unterschid zwischen 3 und 15
 65834 | Depths:2 | Chiseanne: glaciate dauert noch ein bischen aber sollte
                  | bald gehen
 65834 | Depths:2 | Chiseanne: punkte
 65834 | Depths:2 | Tensor: ok
 65834 | Depths:2 | Chiseanne: das hier is ja auch ein bischen e-sport
 65834 | Depths:2 | Tensor: na dann putz mal was weg, wenn ich dich darum
                  | bitten darf :)
 65834 | Depths:2 | Chiseanne: wenn du stirbst..doer siegst siehst du am ende
                  | ja auch immer deine punktzahl
 65834 | Depths:2 | Chiseanne: klar :D
 65900 | Depths:3 | Found a runed translucent door.
 65900 | Depths:3 | Noticed a golden dragon
 65921 | Depths:3 | Chiseanne: genau genommen lass ich wegputzen haha
 65923 | Depths:3 | Tensor: wow da filegen die fetzen :)
 65933 | Depths:3 | Chiseanne: :D
 66042 | Depths:3 | Chiseanne: du siehst ja oben rechts auch time : 66575
 66042 | Depths:3 | Tensor: woher kommt dein kumpel, begleiter?
 66042 | Depths:3 | Chiseanne: je kleiner die zahl wenn du das spiel beendest
                  | desto höher deine punktzahl
 66042 | Depths:3 | Chiseanne: das ist ein zauber..summoning
 66042 | Depths:3 | Chiseanne: a)
 66042 | Depths:3 | Tensor: ok
 66065 | Depths:3 | Chiseanne: der zauber im wesentlichen meine zauber
 66065 | Depths:3 | Chiseanne: also c)
 66065 | Depths:3 | Chiseanne: d)
 66065 | Depths:3 | Chiseanne: e)
 66065 | Depths:3 | Chiseanne: und h)
 66065 | Depths:3 | Tensor: hast du ein shortcut auf deiner tastatur dafür?
 66065 | Depths:3 | Chiseanne: ja
 66065 | Depths:3 | Chiseanne: wenn du strg-d drückst
 66065 | Depths:3 | Chiseanne: kannst du ein makro definieren
 66065 | Depths:3 | Tensor: ok
 66065 | Depths:3 | Chiseanne: also habe ich mir die zauber auf F1- F* gesetzt
 66065 | Depths:3 | Tensor: ich muss wohl noch viel lesen und lernen :)
 66086 | Depths:3 | Chiseanne: ja, da steckt viel unter der haube
 66086 | Depths:3 | Chiseanne: wenn du strg-? drückst kannst du b estimmern
                  | welche von den sachen im spiel automatisch aufgesammelt
                  | werden sollen
 66086 | Depths:3 | Chiseanne: indem man den buschstaben davor drückt
 66086 | Depths:3 | Tensor: ok
 66086 | Depths:3 | Chiseanne: das spart nachher viel arbeit und nerven
 66086 | Depths:3 | Chiseanne: gold schalte ich jetzt zb mal ab weil es eh
                  | nichts mehr zu kaufen gibt
 66086 | Depths:3 | Chiseanne: und dann spart man runden und das wiederum gibt
                  | am ende mehr punkte
 66123 | Depths:3 | Tensor: aha sage ich doch ... ich wurde von einem Profi
                  | beobachtet :))
 66127 | Depths:3 | Tensor: cool :)
 66140 | Depths:3 | Chiseanne: :D
 66178 | Depths:3 | Chiseanne: kennst du die demonspawn rasse?
 66315 | Depths:3 | Tensor: ja ... die dürfen keine götter haben
 66316 | Depths:3 | Chiseanne: doch
 66316 | Depths:3 | Tensor: ups
 66316 | Depths:3 | Chiseanne: du meinst den demigod
 66316 | Depths:3 | Tensor: ja
 66316 | Depths:3 | Chiseanne: demonspawn bekommt dämonische mutatinen
 66316 | Depths:3 | Chiseanne: sind immer zufllig
 66316 | Depths:3 | Chiseanne: mehr oder weniger
 66316 | Depths:3 | Tensor: aber die scheinen gut zu sein
 66316 | Depths:3 | Chiseanne: ich glaube so was wie krallenfüssen, hnder und
                  | hörner und so haben eine höhere chance
 66316 | Depths:3 | Tensor: soweit ich das beurtelen kann
 66316 | Depths:3 | Chiseanne: ich mag das
 66316 | Depths:3 | Chiseanne: passt nicht immer aber oft genug ist was gutes
                  | dabei
 66677 | Depths:3 | Noticed a juggernaut
 66679 | Depths:3 | Noticed a juggernaut
 66685 | Depths:3 | Killed a juggernaut
 66692 | Depths:3 | Tensor: wie sieht man was hunger für auswiktung hat?
 66694 | Depths:3 | Killed a juggernaut
 66696 | Depths:3 | Chiseanne: eigentlich hat es keine
 66696 | Depths:3 | Chiseanne: nur wenn dort "starving" steht wirds eng
 66696 | Depths:3 | Chiseanne: am ende könnte der char verhungern
 66696 | Depths:3 | Chiseanne: theoretisch
 66696 | Depths:3 | Chiseanne: praktisch ist eigentlich immer genu zu essen
                  | imspiel
 66696 | Depths:3 | Tensor: ok :)
 66696 | Depths:3 | Chiseanne: wenn es also rot ist hast du nicht mehr genu
                  | energie zum zaubern
 66851 | Depths:3 | Found the +8 Wrath of Trog {antimagic, *Rage}
 66855 | Depths:3 | Got a scorched tin ring
 66857 | Depths:3 | Got a jewelled hand crossbow
 66868 | Depths:3 | Identified the +7 hand crossbow "Liudd" {flame, rElec rF+++
                  | Int-5 Stlth-} (You found it on level 3 of the Depths)
 66872 | Depths:3 | Identified the ring "Beuklabe" {+Fly rCorr Str+6} (You
                  | found it on level 3 of the Depths)
 66883 | Depths:3 | Tensor: was hast du gedückt um dein Schmuck anzusehen?
 66883 | Depths:3 | Chiseanne: shift-2
 66885 | Depths:3 | Chiseanne: das meinst du, ja ?
 66886 | Depths:3 | Tensor: ja
 66930 | Depths:3 | Tensor: habst kurz getestet bei mir ... funct :)
 66930 | Depths:3 | Chiseanne: glaciate auf 67% ..bald wirds lustig ;-)
 66930 | Depths:3 | Chiseanne: top!
 66995 | Depths:3 | Gained mutation: You are weak. (Str -2) [a neqoxec]
 66997 | Depths:3 | Chiseanne: wowowowow!
 66997 | Depths:3 | Chiseanne: gleich 2x smite in reihe
 66997 | Depths:3 | Chiseanne: das spiel ist ein Arschloch!
 66997 | Depths:3 | Tensor: das hat ganz gut rumms gemacht
 67372 | Depths:3 | Tensor: wie cool sit das denn, ein platz zum reggen :)
 67374 | Depths:3 | Tensor: kannte ich nicht :9
 67381 | Depths:3 | Chiseanne: ja digging ist immer mal gut. in dem fall hatte
                  | ich nicht realisiert da sich schon am oberen rand der map
                  | bin
 67381 | Depths:3 | Chiseanne: aber man kann damit ein wenig im zigzag graben
                  | und kann dann nihct mel eben gesmitet werden
 67612 | Depths:3 | Chiseanne: sagt dir distortion brand was?
 67618 | Depths:3 | Tensor: ne
 67630 | Depths:3 | Tensor: krasses zeugs
 67630 | Depths:3 | Chiseanne: wenn du von so einer waffe getroffen wirst hast
                  | du eine gute chance gebannt zu werden
 67630 | Depths:3 | Chiseanne: dann geht es ab nach Abyss
 67630 | Depths:3 | Chiseanne: und dort ist alles voll mit Dmonen
 67630 | Depths:3 | Tensor: ach dahin wo man so schwer raus kommt?!
 67630 | Depths:3 | Chiseanne: genau
 67630 | Depths:3 | Tensor: und du wirst kaput mutiert
 67630 | Depths:3 | Chiseanne: wenn du glück hast geht ein türchen auf wenn du
                  | ein monster dort erschlägst
 67630 | Depths:3 | Tensor: ich hasse diese ecke
 67630 | Depths:3 | Chiseanne: genau :D
 67630 | Depths:3 | Chiseanne: ja, das ist mist
 67630 | Depths:3 | Chiseanne: könnte ohne leben
 67630 | Depths:3 | Tensor: für 15-er run muss man da rein?
 67630 | Depths:3 | Chiseanne: ich habe zb in der ini eine zeile die mir das
                  | spiel kurz anhlt und mich warnt
 67630 | Depths:3 | Chiseanne: ja
 67630 | Depths:3 | Chiseanne: aber mit highend char ist nicht mehr so schlimm
 67630 | Depths:3 | Tensor: ach du schande
 67630 | Depths:3 | Chiseanne: eher so kaffeekränzchen
 68014 | Depths:4 | Chiseanne: das schöne an dem ist der spart mir jede menge
                  | mana
 68344 | Depths:4 | Found a corrupted altar of Lugonu.
 68355 | Depths:4 | Tensor: wie niedlich ... solche gibt es auch so tief?!
 68358 | Depths:4 | Chiseanne: haha hatte ich auch gerade gesacht
 68787 | Depths:4 | Found a gateway to a ziggurat.
 68969 | Depths:5 | Entered Level 5 of the Depths
 69017 | Depths:5 | Noticed a juggernaut
 69289 | Depths:4 | Chiseanne: ok das ist ein büschn heftig
 69289 | Depths:4 | Tensor: kann man das mit einem spriggan überleben?
 69289 | Depths:4 | Chiseanne: ich finds schwierig
 69289 | Depths:4 | Chiseanne: und natürlich kautet die Anwort : ja
 69289 | Depths:4 | Chiseanne: aber er mangel an lebenspunkten macht es nicht
                  | einfacht
 69289 | Depths:4 | Chiseanne: einfacher
 69289 | Depths:4 | Tensor: ok, da will ich mal auch hin. :)
 69289 | Depths:4 | Chiseanne: also runter und teleport reinschmeissen und
                  | hoffen zb
 69289 | Depths:4 | Chiseanne: leider habe ich keine mehr
 69289 | Depths:4 | Chiseanne: aber ok ich mach jetzt auch mal schluss ist 1
                  | ...bevor ich vor müdigkeit noch fehler mache
 69289 | Depths:4 | Tensor: ok, danke für die kleine Einführung
 69289 | Depths:4 | Chiseanne: immer gerne
 69289 | Depths:4 | Tensor: wollte mich auch verabschieden
 69289 | Depths:4 | Tensor: gute Nacht: gn8
 69289 | Depths:4 | Chiseanne: wir sehen uns bestimmt noch öfter hier dann
                  | können wir mehr machen
 69289 | Depths:4 | Chiseanne: dir auch :)
 69289 | Depths:4 | Upgraded the game from 0.24-a0-693-g39a19ac0f1 to
                  | 0.24-a0-762-gca426f56c8
 69299 | Depths:5 | Paralysed by a floating eye for 2 turns
 69947 | Crypt:1  | Entered Level 1 of the Crypt
 71283 | Crypt:1  | Reached skill level 15 in Conjurations
 71420 | Crypt:1  | Found the +8 storm bow {elec, penet}
 71911 | Crypt:1  | Upgraded the game from 0.24-a0-762-gca426f56c8 to
                  | 0.24-a0-809-g71cb82dfb8
 72059 | Crypt:2  | Found a magical portal.
 72932 | Crypt:2  | Gained mutation: You are immune to freezing clouds.
                  | [demonic ancestry]
 72932 | Crypt:2  | Reached XP level 21. HP: 123/123 MP: 22/41
 73004 | Crypt:2  | Noticed an ancient lich
 73008 | Crypt:2  | Killed an ancient lich
 73767 | Crypt:2  | Identified the Almanac of Evil Rituals
 73871 | Crypt:3  | Entered Level 3 of the Crypt
 74997 | Crypt:3  | Found a staircase to the Tomb.
 76586 | Crypt:3  | Noticed an ancient lich
 76594 | Crypt:3  | Killed an ancient lich
 76603 | Crypt:3  | Got a faintly glowing flail
 76637 | Crypt:3  | Identified the +6 flail of Wyrd {holy, rElec} (You found it
                  | on level 3 of the Crypt)
 77582 | Depths:4 | Killed a juggernaut
 78612 | Depths:5 | Paralysed by a floating eye for 3 turns
 79243 | Slime:1  | Entered Level 1 of the Pits of Slime
 79249 | Slime:1  | Reached skill level 15 in Ice Magic
 80069 | Slime:2  | Gained mutation: Scrolls take you a little longer to read.
                  | [a shining eye]
 80071 | Slime:2  | Gained mutation: You are clumsy. (Dex -2) [a shining eye]
 80105 | Slime:2  | Gained mutation: Your magical capacity is low. (-10% MP) [a
                  | shining eye]
 80404 | Slime:2  | Gained mutation: Your body sometimes deteriorates upon
                  | taking damage. [a shining eye]
 81219 | Slime:1  | Gained mutation: You are frail. (-10% HP) [a shining eye]
 81795 | Slime:2  | Gained mutation: You tend to lose your temper in combat. [a
                  | shining eye]
 82641 | Slime:3  | Lost mutation: Your body sometimes deteriorates upon taking
                  | damage. [potion of mutation]
 82641 | Slime:3  | Lost mutation: Scrolls take you a little longer to read.
                  | [potion of mutation]
 82641 | Slime:3  | Gained mutation: You are very weak. (Str -4) [potion of
                  | mutation]
 82641 | Slime:3  | Gained mutation: You have a pair of small antennae on your
                  | head. [potion of mutation]
 82642 | Slime:3  | Lost mutation: You are very weak. (Str -4) [potion of
                  | mutation]
 82642 | Slime:3  | Lost mutation: You are clumsy. (Dex -2) [potion of
                  | mutation]
 82642 | Slime:3  | Gained mutation: You are resistant to hostile enchantments.
                  | (MR+) [potion of mutation]
 82643 | Slime:3  | Lost mutation: You are resistant to hostile enchantments.
                  | (MR+) [potion of mutation]
 82643 | Slime:3  | Lost mutation: You are weak. (Str -2) [potion of mutation]
 82643 | Slime:3  | Lost mutation: You are frail. (-10% HP) [potion of
                  | mutation]
 82643 | Slime:3  | Lost mutation: You tend to lose your temper in combat.
                  | [potion of mutation]
 82643 | Slime:3  | Gained mutation: You are clumsy. (Dex -2) [potion of
                  | mutation]
 82643 | Slime:3  | Gained mutation: Scrolls take you a little longer to read.
                  | [potion of mutation]
 82643 | Slime:3  | Gained mutation: Your mind is acute. (Int +2) [potion of
                  | mutation]
 82644 | Slime:3  | Lost mutation: Scrolls take you a little longer to read.
                  | [potion of mutation]
 82644 | Slime:3  | Lost mutation: Your mind is acute. (Int +2) [potion of
                  | mutation]
 82644 | Slime:3  | Lost mutation: Your magical capacity is low. (-10% MP)
                  | [potion of mutation]
 82644 | Slime:3  | Gained mutation: Your body sometimes deteriorates upon
                  | taking damage. [potion of mutation]
 82644 | Slime:3  | Gained mutation: Your spells are a little harder to cast,
                  | but a little more powerful. [potion of mutation]
 82644 | Slime:3  | Gained mutation: Your natural rate of healing is unusually
                  | fast. [potion of mutation]
 82645 | Slime:3  | Lost mutation: Your spells are a little harder to cast, but
                  | a little more powerful. [potion of mutation]
 82645 | Slime:3  | Lost mutation: Your body sometimes deteriorates upon taking
                  | damage. [potion of mutation]
 82645 | Slime:3  | Gained mutation: You have a pair of antennae on your head.
                  | [potion of mutation]
 82645 | Slime:3  | Gained mutation: Armour fits poorly on your strangely
                  | shaped body. [potion of mutation]
 82645 | Slime:3  | Gained mutation: You possess an exceptional clarity of
                  | mind. [potion of mutation]
 82750 | Slime:3  | Lost mutation: You are clumsy. (Dex -2) [potion of
                  | mutation]
 82750 | Slime:3  | Lost mutation: You possess an exceptional clarity of mind.
                  | [potion of mutation]
 82750 | Slime:3  | Lost mutation: Armour fits poorly on your strangely shaped
                  | body. [potion of mutation]
 82750 | Slime:3  | Gained mutation: Your mind is acute. (Int +2) [potion of
                  | mutation]
 82750 | Slime:3  | Gained mutation: You possess an exceptional clarity of
                  | mind. [potion of mutation]
 82750 | Slime:3  | Gained mutation: You evolve. [potion of mutation]
 82848 | Slime:3  | Lost mutation: You evolve. [potion of mutation]
 82848 | Slime:3  | Lost mutation: You possess an exceptional clarity of mind.
                  | [potion of mutation]
 82848 | Slime:3  | Lost mutation: Your mind is acute. (Int +2) [potion of
                  | mutation]
 82848 | Slime:3  | Gained mutation: You possess an exceptional clarity of
                  | mind. [potion of mutation]
 82848 | Slime:3  | Gained mutation: You have a pair of large antennae on your
                  | head. (SInv) [potion of mutation]
 83218 | D:15     | Lost mutation: You possess an exceptional clarity of mind.
                  | [potion of mutation]
 83218 | D:15     | Lost mutation: Your natural rate of healing is unusually
                  | fast. [potion of mutation]
 83218 | D:15     | Lost mutation: You have a pair of large antennae on your
                  | head. (SInv) [potion of mutation]
 83218 | D:15     | Gained mutation: You are weak. (Str -2) [potion of
                  | mutation]
 83218 | D:15     | Lost mutation: You are weak. (Str -2) [potion of mutation]
 83218 | D:15     | Gained mutation: Your mind is acute. (Int +2) [potion of
                  | mutation]
 83965 | Vaults:5 | Entered Level 5 of the Vaults
 84121 | Vaults:4 | Reached XP level 22. HP: 118/127 MP: 36/42
 84891 | Vaults:5 | Noticed an ancient lich
 85331 | Vaults:4 | Killed an ancient lich
 85470 | Vaults:5 | Slain by an ettin

Levels and vault maps discovered:
D:1:      dpeg_arrival_pits, layout_rooms
D:2:      layout_basic
D:3:      layout_loops_ring, uniq_ijyb
D:4:      layout_rooms, old_standard_altar, kennysheep_mini_moat,
          portal_sewer_entry_a
D:5:      layout_rooms, nicolae_overflow_crystal_walls, first_ration
D:6:      layout_loops_corners, regret_index_temple_of_mockery,
          nicolae_overflow_quartered_altars
D:7:      layout_loops_cross, minmay_fractal_squares_5
D:8:      layout_basic, due_lair_maze_entry_diamond, basic_altar, uniq_psyche
D:9:      minmay_the_grid_square_5x5_4x4 [minmay_the_grid_square_5x5_two_small,
          minmay_the_grid_square_5x5_mess, minmay_the_grid_square_5x5_one_wall,
          minmay_the_grid_square_5x5_inset, minmay_the_grid_square_5x5_shrine2,
          minmay_the_grid_square_5x5_prize_junk,
          minmay_the_grid_square_5x5_prize_open,
          minmay_the_grid_square_5x5_corner,
          minmay_the_grid_square_5x5_sharp_hourglass,
          minmay_the_grid_square_5x5_prize_rear_guard,
          minmay_the_grid_square_5x5_prize_deathbox,
          minmay_the_grid_square_5x5_two_walls_b,
          minmay_the_grid_square_5x5_empty, minmay_the_grid_square_5x5_moneybag,
          minmay_the_grid_square_5x5_comb, minmay_the_grid_square_5x5_spiral],
          layout_rooms, gammafunk_temple_overflow_wave,
          grunt_temple_overflow_open, uniq_harold, uniq_maurice
D:10:     layout_rooms
D:11:     layout_basic, orc_0_dummy, portal_ice_cave_entry_pillars_2,
          hangedman_fish_farm
D:12:     layout_layer_cave, nicolae_trove_entry_path_of_doom
D:13:     layout_long_grid, minivault_25
D:14:     layout_loops_ring, david_vaults_5, serial_park_tiny_2, serial_glass,
          glass_columns_a, glass_columns_b, glass_columns_a, glass_columns_c,
          glass_columns_b, glass_columns_a, kennysheep_island_fort
D:15:     grunt_enter_depths_magical_seal, layout_basic, serial_shops,
          nicolae_shop_stone, lemuel_tele_altar, uniq_azrael, uniq_louise
Temple:   compressed_dpeg_triangle_lava_temple
Lair:1:   layout_regular_city, gammafunk_ghost_necromancy, grunt_megastairs_5,
          serial_bayou_shore_b, serial_bayou_shore_b
Lair:2:   layout_regular_city, st_stairs_12, chequers_serial_rivers_micro_a
Lair:3:   layout_loops_ring, infiniplex_staircase_pool_2, grunt_megastairs_4,
          uniq_gastronok, uniq_urug
Lair:4:   layout_gridlike, minmay_shoals_entry_hut, dummy_snake_entry,
          uniq_nergalle, uniq_rupert
Lair:5:   layout_loops_ring, chequers_serial_rivers_micro_c, uniq_josephine
Lair:6:   hangedman_lair_tendril_chambers, layout_small_grid, slime_altar_1,
          kennysheep_snail_temple
Shoals:1: cheibrodos_shoals_gigantism, layout_shoals
Shoals:2: layout_shoals
Shoals:3: layout_shoals, serial_shops, shop, nicolae_shoals_arrival_archipelago
Shoals:4: shoals_end_simple, layout_shoals, shoal_ilsuiw, lemuel_centaur_altar
Snake:1:  gammafunk_sealed_library, layout_onion
Snake:2:  layout_cave_pods, nrook_guardian_serpent_double
Snake:3:  layout_gridlike, ebering_ghost_rock_garden, grunt_ministairs_5,
          nicolae_large_snake_swirl, uniq_bai_suzhen
Snake:4:  snake_pit, layout_basic, basic_altar, drop_trap, st_stairs_4
Slime:1:  layout_caves
Slime:2:  cheibrodos_slime_lost_civilization_8, layout_caves
Slime:3:  cheibrodos_slime_lost_civilization_1, layout_caves
Orc:1:    layout_diamond_mine, lightli_church_of_beogh
Orc:2:    grunt_orc_cross, layout_caves
Vaults:1: v_misc_12, hangedman_vaults_snaps, nicolae_vaults_big_angled_halls,
          nicolae_vaults_little_squares_3, nicolae_vaults_shelves_hall,
          hangedman_vaults_capsules, nicolae_vaults_little_squares_1,
          grunt_vaults_twisty, v_misc_12, v_alt_pattern_5,
          ontoclasm_vaults_shuriken, vaults_room_pool, v_misc_22,
          vaults_room_semicircle, nicolae_vaults_diagonal_hallway_8,
          vaults_dpeg_hooks, layout_vaults_omnicross
Vaults:2: hangedman_vaults_cutoff, ontoclasm_vaults_gateway,
          vaults_mumra_chevron_long, v_pattern_1, nicolae_vaults_little_ls,
          st_spiral_rooms, nicolae_vaults_little_squares_3, vaults_room_corners,
          grunt_vaults_hallway_long, hangedman_vaults_restitches,
          ontoclasm_vaults_twist, layout_vaults_big_room
Vaults:3: vaults_mumra_minichess, nicolae_vaults_big_angled_halls,
          v_alt_pattern_2, hangedman_vaults_slice, dpeg_vaults_monster_box,
          v_misc_14, ontoclasm_vaults_misaligned, v_misc_25, v_misc_25,
          hangedman_vaults_stream, hangedman_vaults_river_flow,
          vaults_dpeg_encased_lava, ontoclasm_vaults_pinch,
          ontoclasm_vaults_decontamination, vaults_room_hangedman_quadrants,
          layout_vaults_ring
Vaults:4: nicolae_vaults_network_barrier, v_misc_26, v_misc_18,
          nicolae_vaults_diagonal_hallway_7, nicolae_vaults_border_crossing,
          nicolae_vaults_little_squares_5, grunt_vaults_hallway_short,
          v_misc_29, nicolae_vaults_rhombus_7, nicolae_vaults_little_squares_4,
          layout_vaults_omnigrid, serial_shops, shop
Vaults:5: serial_shops
Crypt:1:  layout_basic, weyrava_ghost_lake
Crypt:2:  layout_gridlike, special_room [special_room_morgue], mu_enter_wizlab_4
Crypt:3:  due_elkab, layout_chaotic_city, tomb_entry_shell_bobbens
Depths:1: layout_long_grid, lemuel_crystal_altar, grunt_mini_vestibule,
          serial_sigils_hangedman_writhe, minmay_guarded_unrand_mage,
          grunt_megastairs_3, serial_bayou_shore_b, uniq_sojobo
Depths:2: minmay_quarter_circles, layout_cave_pools, abyss_entry,
          grunt_pan_entry_sceptre, moated_statue, pf_hell_entry_tar_spiral,
          uniq_asterion
Depths:3: minmay_broken_ring, layout_cave_pools, hell_entry, serial_sigils,
          serial_sigils_hangedman_etch, serial_sigils_hangedman_confine,
          serial_sigils_hangedman_gnaw, serial_sigils_hangedman_shear,
          serial_sigils_hangedman_scar, chequers_serial_rivers_small_b,
          rand_demon_pan_entry_5, serial_sigils_hangedman_snap,
          kennysheep_treasure_room
Depths:4: due_chaos_kobolds, layout_cross, enter_ziggurat_b,
          rand_demon_pan_entry_7, marbit_kobold_abyss_entry,
          kennysheep_minor_cross, pf_coc_iceberg, infiniplex_staircase_spiral
Depths:5: grunt_zot_entry_alcove, layout_cave_pools, abyss_entry,
          pf_hell_entry_great_geh, serial_shops,
          nicolae_shop_temple_entry_statues_fountains

Skill      XL: |  1  2  3  4  5  6  7  8  9 10 11 12 13 14 15 16 17 18 19 20 21 22 |
---------------+-------------------------------------------------------------------+-----
Conjurations   | 2 3 4 5 6 8 9 10 12 13 15 17 | 17.8
Spellcasting   | 4 5 6 8 9 11 12 13 14 15 16 17 | 17.6
Armour         | 5 10 11 | 11.1
Ice Magic      | 3 6 9 10 11 13 15 16 | 16.3
Air Magic      | 3 6 9 10 | 10.0
Earth Magic    | 4 9 10 | 10.0
Shields        | 4 8 13 15 | 15.2
Summonings     | 10 | 10.0
Dodging        | |  1.7
Stealth        | |  1.7
Translocations | |  0.8

Action                   |  1- 3 |  4- 6 |  7- 9 | 10-12 | 13-15 | 16-18 | 19-21 | 22-24 || total
-------------------------+-------+-------+-------+-------+-------+-------+-------+-------++-------
Melee: Unarmed           |     3 |       |       |       |       |       |       |       ||     3
       Dagger            |    10 |    47 |    34 |     4 |    61 |    10 |       |       ||   166
       Kick              |       |     5 |     9 |    66 |    35 |     3 |     1 |       ||   119
       Trident           |       |       |    12 |   236 |    79 |       |       |       ||   327
       Staff             |       |       |     3 |    12 |       |     4 |    15 |     4 ||    38
       Long sword        |       |       |       |    12 |       |       |       |       ||    12
       Rapier            |       |       |       |       |    18 |       |       |       ||    18
       Spear             |       |       |       |       |       |       |     5 |       ||     5
Throw: Dart              |       |       |       |    96 |       |       |       |       ||    96
       Javelin           |       |       |       |     6 |       |       |       |       ||     6
 Cast: Magic Dart        |   100 |   159 |   291 |   595 |   516 |   156 |       |       ||  1817
       Mephitic Cloud    |     2 |     7 |    25 |    99 |    29 |       |       |       ||   162
       Blink             |       |     7 |     3 |    14 |     5 |     4 |     6 |     7 ||    46
       Conjure Flame     |       |     1 |    20 |    85 |     2 |       |       |       ||   108
       Force Lance       |       |       |       |    17 |   260 |   210 |   124 |     1 ||   612
       Freezing Cloud    |       |       |       |     4 |    62 |    80 |    47 |       ||   193
       Iskenderun's Batt |       |       |       |       |   144 |    47 |       |       ||   191
       Venom Bolt        |       |       |       |       |     2 |       |       |       ||     2
       Summon Lightning  |       |       |       |       |    32 |   110 |    56 |       ||   198
       Spellforged Servi |       |       |       |       |       |   118 |   228 |    10 ||   356
       Iron Shot         |       |       |       |       |       |    17 |     5 |       ||    22
       Orb of Destructio |       |       |       |       |       |    10 |   153 |    11 ||   174
       Apportation       |       |       |       |       |       |     1 |       |       ||     1
       Glaciate          |       |       |       |       |       |       |     1 |    21 ||    22
 Abil: Evoke Flight      |       |       |       |       |       |       |     2 |       ||     2
       Stop Flying       |       |       |       |       |       |       |     1 |       ||     1
Evoke: Wand              |       |       |     4 |    73 |     7 |     7 |     9 |    10 ||   110
       Phial of floods   |       |       |       |     2 |       |     1 |     2 |       ||     5
       Phantom mirror    |       |       |       |       |       |     1 |       |       ||     1
       Sack of spiders   |       |       |       |       |       |     5 |       |       ||     5
       Box of beasts     |       |       |       |       |       |     2 |       |       ||     2
       Lamp of fire      |       |       |       |       |       |       |     1 |       ||     1
  Use: Scroll            |     5 |     6 |     6 |    17 |    19 |    22 |    25 |     1 ||   101
       Potion            |       |     1 |       |     4 |     1 |    12 |    19 |    15 ||    52
 Stab: Sleeping          |     3 |       |       |       |       |       |       |       ||     3
       Confused          |       |     2 |     5 |    12 |    13 |       |       |       ||    32
       Paralysed         |       |       |       |     6 |       |       |       |       ||     6
  Eat: Chunk             |     3 |    12 |    13 |    36 |    40 |    45 |    31 |     3 ||   183
       Ration            |       |       |     1 |       |    10 |     7 |    22 |     2 ||    42
Armor: Robe              |     2 |    15 |     7 |       |       |       |       |       ||    24
       Ring mail         |       |       |    16 |   183 |   133 |   148 |   163 |    21 ||   664
Dodge: Dodged            |    13 |    40 |    36 |   176 |   157 |   296 |   231 |    51 ||  1000
       Deflected         |       |       |       |       |    28 |   112 |    48 |    15 ||   203
Block: Buckler           |       |       |       |       |    23 |    97 |    96 |    22 ||   238
       Shield            |       |       |       |       |       |    24 |    88 |       ||   112
       Rpst.: Long sword |       |       |       |     2 |       |       |       |       ||     2

Table legend:
 A = Non-vault XP
 B = Vault XP
 C = Vault XP percentage of total XP
 D = Non-vault monster count
 E = Vault monster count
 F = Vault count percentage of total count
                 A         B        C        D         E       F
            +---------+---------+-------+---------+---------+-------
      Total |  442042 |  343141 |  43.7 |    1430 |     711 |  33.2
            +---------+---------+-------+---------+---------+-------
        D:1 |      38 |       0 |   0.0 |      20 |       0 |   0.0
        D:2 |     100 |       0 |   0.0 |      27 |       0 |   0.0
        D:3 |      79 |      35 |  30.7 |      28 |       1 |   3.4
        D:4 |     152 |       7 |   4.4 |      11 |       4 |  26.7
        D:5 |     619 |       0 |   0.0 |      19 |       0 |   0.0
        D:6 |     840 |       0 |   0.0 |      29 |       0 |   0.0
        D:7 |     651 |     166 |  20.3 |      16 |       3 |  15.8
        D:8 |    2321 |    2078 |  47.2 |      28 |      10 |  26.3
        D:9 |     483 |    5913 |  92.4 |       4 |      29 |  87.9
       D:10 |    3054 |       0 |   0.0 |      22 |       0 |   0.0
       D:11 |    6653 |     282 |   4.1 |      57 |       1 |   1.7
       D:12 |    2437 |     648 |  21.0 |      20 |       2 |   9.1
       D:13 |    7927 |       0 |   0.0 |      34 |       0 |   0.0
       D:14 |    8106 |    5582 |  40.8 |      37 |       9 |  19.6
       D:15 |   10598 |    6831 |  39.2 |      29 |      16 |  35.6
     Lair:1 |    1450 |       0 |   0.0 |       7 |       0 |   0.0
     Lair:2 |    4546 |     956 |  17.4 |      30 |       1 |   3.2
     Lair:3 |    2827 |    3922 |  58.1 |      16 |       6 |  27.3
     Lair:4 |    2246 |    4761 |  67.9 |      14 |       5 |  26.3
     Lair:5 |    4165 |     209 |   4.8 |      13 |       1 |   7.1
     Lair:6 |    9406 |   11120 |  54.2 |      27 |      40 |  59.7
   Shoals:1 |    4207 |    3672 |  46.6 |      18 |       4 |  18.2
   Shoals:2 |   10547 |       0 |   0.0 |      37 |       0 |   0.0
   Shoals:3 |   14108 |    1189 |   7.8 |      55 |       3 |   5.2
   Shoals:4 |   12029 |   16012 |  57.1 |      41 |      41 |  50.0
    Snake:1 |   12203 |       0 |   0.0 |      34 |       0 |   0.0
    Snake:2 |   16237 |    2530 |  13.5 |      30 |       5 |  14.3
    Snake:3 |   19276 |    3234 |  14.4 |      43 |       7 |  14.0
    Snake:4 |   12447 |   13237 |  51.5 |      22 |      28 |  56.0
    Slime:1 |    7100 |       0 |   0.0 |       8 |       0 |   0.0
    Slime:2 |   26611 |       0 |   0.0 |      60 |       0 |   0.0
    Slime:3 |   13195 |       0 |   0.0 |      23 |       0 |   0.0
      Orc:1 |    1600 |    1441 |  47.4 |      28 |      12 |  30.0
      Orc:2 |    4744 |    8503 |  64.2 |      37 |      39 |  51.3
   Vaults:1 |   25786 |   21493 |  45.5 |      57 |      52 |  47.7
   Vaults:2 |   12124 |   12246 |  50.3 |      45 |      24 |  34.8
   Vaults:3 |   29523 |   18147 |  38.1 |      67 |      44 |  39.6
   Vaults:4 |   30440 |   56131 |  64.8 |      81 |      59 |  42.1
   Vaults:5 |    7408 |   28934 |  79.6 |      13 |      26 |  66.7
    Crypt:1 |   14526 |    7862 |  35.1 |      39 |      29 |  42.6
    Crypt:2 |    9523 |   18950 |  66.6 |      21 |      25 |  54.3
    Crypt:3 |   10285 |   28088 |  73.2 |      19 |      65 |  77.4
   Depths:1 |   15812 |   11542 |  42.2 |      35 |      19 |  35.2
   Depths:2 |   10902 |   27536 |  71.6 |      29 |      52 |  64.2
   Depths:3 |   21392 |   15528 |  42.1 |      38 |      12 |  24.0
   Depths:4 |   30120 |    2574 |   7.9 |      60 |      16 |  21.1
   Depths:5 |    1199 |       0 |   0.0 |       2 |       0 |   0.0
      Sewer |       0 |     163 | 100.0 |       0 |      18 | 100.0
     WizLab |       0 |    1619 | 100.0 |       0 |       3 | 100.0
            +---------+---------+-------+---------+---------+-------
